PL
NEW ORLEANS VOODOO @ SAN MATEO DIRTY REDS
09/01/2050
 
TOP OF THE 1ST
New Orleans Voodoo batting - Pitching for San Mateo Dirty Reds : RHP José Hernández
Pitching: RHP José Hernández
Batting: LHB Gökhan Özdemir 0-0: Ball
1-0: Ball
2-0: SINGLE (Groundball, 13, EV 78.8 MPH) (infield hit)
Batting: LHB Brad Stannard 0-0: Ball
1-0: Foul Ball, location: 2F
1-1: Fielders Choice at 2nd, 2-4 (Groundball, 2L, EV 69.4 MPH)
Batting: RHB Obke Veenman 0-0: Ball
1-0: Foul Ball, location: 2F
1-1: SINGLE (Groundball, 56D, EV 96.2 MPH)
Brad Stannard to second
Batting: LHB Michizane Yamashita 0-0: Ball
1-0: Ball
2-0: Fielders Choice at 2nd, 3-6 (Groundball, 34, EV 90.0 MPH)
Brad Stannard to third
Batting: RHB Al Custello 0-0: Called Strike
0-1: Ball
1-1: Ball
2-1: Foul Ball, location: 2F
2-2: Foul Ball, location: 2F
2-2: Fielders Choice at 2nd, 6-4 (Groundball, 6, EV 81.2 MPH)
Top of the 1st over - 0 runs, 2 hits, 0 errors, 2 left on base; New Orleans 0 - San Mateo 0
BOTTOM OF THE 1ST
San Mateo Dirty Reds batting - Pitching for New Orleans Voodoo : RHP Anthony Coleman
Pitching: RHP Anthony Coleman
Batting: LHB Jae-seop Byeon 0-0: Ball
1-0: Fly out, F6 (Line Drive, 6, EV 68.8 MPH)
Batting: LHB Niek Breugelmans 0-0: Ground out 4-3 (Groundball, 4, EV 91.9 MPH)
Batting: LHB Matsusuke Saikawa 0-0: Called Strike
0-1: Ball
1-1: Foul Ball, location: 2F
1-2: Fly out, F9 (Flyball, 9D, EV 102.5 MPH)
Bottom of the 1st over - 0 runs, 0 hits, 0 errors, 0 left on base; New Orleans 0 - San Mateo 0
TOP OF THE 2ND
New Orleans Voodoo batting - Pitching for San Mateo Dirty Reds : RHP José Hernández
Batting: SHB Kolby Hay 0-0: Foul Ball, location: 2F
0-1: Foul Ball, location: 2F
0-2: Ball
1-2: Strikes out swinging
Batting: RHB Pedro Ramos 0-0: Ball
1-0: Ball
2-0: Foul Ball, location: 2F
2-1: SINGLE (Line Drive, 34, EV 110.6 MPH)
Batting: RHB Pancho Hernández 0-0: Called Strike
0-1: Ball
1-1: Ball
2-1: Called Strike
2-2: Ball
3-2: Foul Ball, location: 2F
3-2: Foul Ball, location: 2F
3-2: Fly out, F9 (Line Drive, 9, EV 110.0 MPH)
Batting: RHB Anthony Roosemont 0-0: Ball
1-0: Ball
2-0: Called Strike
2-1: Foul Ball, location: 2F
2-2: Strikes out looking
Top of the 2nd over - 0 runs, 1 hit, 0 errors, 1 left on base; New Orleans 0 - San Mateo 0
BOTTOM OF THE 2ND
San Mateo Dirty Reds batting - Pitching for New Orleans Voodoo : RHP Anthony Coleman
Batting: LHB Sasha Mamchenko 0-0: Ball
1-0: Ball
2-0: Called Strike
2-1: Foul Ball, location: 2F
2-2: Strikes out looking
Batting: RHB Calvin Chappell 0-0: Foul Ball, location: 2F
0-1: Fly out, F2 (Popup, 3SF, EV 75.6 MPH)
Batting: RHB Jorge Martínez 0-0: Swinging Strike
0-1: Swinging Strike
0-2: Strikes out swinging
Bottom of the 2nd over - 0 runs, 0 hits, 0 errors, 0 left on base; New Orleans 0 - San Mateo 0
TOP OF THE 3RD
New Orleans Voodoo batting - Pitching for San Mateo Dirty Reds : RHP José Hernández
Batting: LHB Gökhan Özdemir 0-0: Ball
1-0: Ground out 4-3 (Groundball, 4D, EV 80.6 MPH)
Batting: LHB Brad Stannard 0-0: Called Strike
0-1: Ball
1-1: Called Strike
1-2: Foul Ball, location: 2F
1-2: Strikes out looking
Batting: RHB Obke Veenman 0-0: Called Strike
0-1: Foul Ball, location: 2F
0-2: Ball
1-2: Foul Ball, location: 2F
1-2: Ball
2-2: Fly out, F7 (Flyball, 7S, EV 78.1 MPH)
Top of the 3rd over - 0 runs, 0 hits, 0 errors, 0 left on base; New Orleans 0 - San Mateo 0
BOTTOM OF THE 3RD
San Mateo Dirty Reds batting - Pitching for New Orleans Voodoo : RHP Anthony Coleman
Batting: LHB Quitério Ruah 0-0: Called Strike
0-1: Ball
1-1: Ball
2-1: Ball
3-1: SINGLE (Flyball, 56D, EV 83.8 MPH)
Batting: RHB José Avilés 0-0: Called Strike
0-1: Ball
1-1: SINGLE (Groundball, 34D, EV 97.5 MPH)
Quitério Ruah to second
Runner from 2nd tries for 3rd, SAFE, throw by RF made to third
Batting: RHB Emílio Soto 0-0: Fly out, F9 (Flyball, 9S, EV 86.2 MPH)
Batting: LHB Jae-seop Byeon 0-0: Called Strike
0-1: Called Strike
0-2: Strikes out looking
Batting: LHB Niek Breugelmans 0-0: Called Strike
0-1: Reached on error, E3 (Groundball, 3L, EV 89.4 MPH)
Quitério Ruah scores
José Avilés to second
Batting: LHB Matsusuke Saikawa 0-0: Ball
1-0: Foul Ball, location: 2F
1-1: Ball
2-1: DOUBLE (Line Drive, 78M, EV 107.5 MPH)
José Avilés scores
Niek Breugelmans to third
Runner from 3rd tries for Home, SAFE, throw by CF to trailing runner, OUT at third! 8-3-5
Bottom of the 3rd over - 3 runs, 3 hits, 1 error, 0 left on base; New Orleans 0 - San Mateo 3
TOP OF THE 4TH
New Orleans Voodoo batting - Pitching for San Mateo Dirty Reds : RHP José Hernández
Batting: LHB Michizane Yamashita 0-0: Ball
1-0: Fly out, F8 (Flyball, 8LD, EV 90.0 MPH)
Batting: RHB Al Custello 0-0: Foul Ball, location: 2F
0-1: Ground out 4-3 (Groundball, 4, EV 86.9 MPH)
Batting: SHB Kolby Hay 0-0: Ball
1-0: Foul Ball, location: 2F
1-1: Fly out, F8 (Flyball, 78S, EV 75.0 MPH)
Top of the 4th over - 0 runs, 0 hits, 0 errors, 0 left on base; New Orleans 0 - San Mateo 3
BOTTOM OF THE 4TH
San Mateo Dirty Reds batting - Pitching for New Orleans Voodoo : RHP Anthony Coleman
Batting: LHB Sasha Mamchenko 0-0: Called Strike
0-1: Fly out, F3 (Line Drive, 3L, EV 69.4 MPH)
Batting: RHB Calvin Chappell 0-0: Swinging Strike
0-1: Swinging Strike
0-2: Ball
1-2: Strikes out swinging
Batting: RHB Jorge Martínez 0-0: Foul Ball, location: 2F
0-1: Ball
1-1: Called Strike
1-2: Ball
2-2: Strikes out swinging
Bottom of the 4th over - 0 runs, 0 hits, 0 errors, 0 left on base; New Orleans 0 - San Mateo 3
TOP OF THE 5TH
New Orleans Voodoo batting - Pitching for San Mateo Dirty Reds : RHP José Hernández
Batting: RHB Pedro Ramos 0-0: Called Strike
0-1: DOUBLE (Line Drive, 7LM, EV 104.4 MPH)
Batting: RHB Pancho Hernández 0-0: Ball
1-0: Foul Ball, location: 2F
1-1: Called Strike
1-2: Ball
2-2: Fly out, F7 (Line Drive, 7, EV 94.4 MPH)
Batting: RHB Anthony Roosemont 0-0: Ball
1-0: Ball
2-0: Called Strike
2-1: Foul Ball, location: 2F
2-2: Foul Ball, location: 2F
2-2: Strikes out swinging
Batting: LHB Gökhan Özdemir 0-0: Ball
1-0: Foul Ball, location: 2F
1-1: SINGLE (Groundball, 6MD, EV 103.8 MPH)
Pedro Ramos to third
Runner from 3rd tries for Home, throw by CF and OUT! 8-2
Top of the 5th over - 0 runs, 2 hits, 0 errors, 1 left on base; New Orleans 0 - San Mateo 3
BOTTOM OF THE 5TH
San Mateo Dirty Reds batting - Pitching for New Orleans Voodoo : RHP Anthony Coleman
Batting: LHB Quitério Ruah 0-0: Ball
1-0: Swinging Strike
1-1: Foul Ball, location: 2F
1-2: Fly out, F7 (Flyball, 78D, EV 91.2 MPH)
Batting: RHB José Avilés 0-0: Ball
1-0: Foul Ball, location: 2F
1-1: Ball
2-1: SINGLE (Groundball, 6D, EV 111.2 MPH)
Batting: RHB Emílio Soto 0-0: Foul Ball, location: 2F
0-1: Ball
1-1: Ball
2-1: Ball
3-1: Base on Balls
José Avilés to second
Batting: LHB Jae-seop Byeon 0-0: 3-RUN HOME RUN (Flyball, 7D, EV 91.9 MPH), Distance : 365 ft
Batting: LHB Niek Breugelmans 0-0: Ground out 6-3 (Groundball, 56, EV 86.2 MPH)
Batting: LHB Matsusuke Saikawa 0-0: Ball
1-0: Foul Ball, location: 2F
1-1: Ball
2-1: Foul Ball, location: 2F
2-2: Ground out 4-3 (Groundball, 4S, EV 75.0 MPH)
Bottom of the 5th over - 3 runs, 2 hits, 0 errors, 0 left on base; New Orleans 0 - San Mateo 6
TOP OF THE 6TH
New Orleans Voodoo batting - Pitching for San Mateo Dirty Reds : RHP José Hernández
Batting: LHB Brad Stannard 0-0: SINGLE (Line Drive, 8LS, EV 96.9 MPH)
Batting: RHB Obke Veenman 0-0: Foul Ball, location: 2F
0-1: Swinging Strike
0-2: Foul Ball, location: 2F
0-2: Strikes out looking
Batting: LHB Michizane Yamashita 0-0: Ball
1-0: Ball
2-0: Ball
3-0: Called Strike
3-1: Foul Ball, location: 2F
3-2: Foul Ball, location: 2F
3-2: Strikes out swinging
Batting: RHB Al Custello 0-0: Called Strike
0-1: Called Strike
0-2: Foul Ball, location: 2F
0-2: Ball
1-2: Ground out 5-3 (Groundball, 56S, EV 82.5 MPH)
Top of the 6th over - 0 runs, 1 hit, 0 errors, 1 left on base; New Orleans 0 - San Mateo 6
BOTTOM OF THE 6TH
San Mateo Dirty Reds batting - Pitching for New Orleans Voodoo : RHP Anthony Coleman
Batting: LHB Sasha Mamchenko 0-0: Ball
1-0: Foul Ball, location: 2F
1-1: Called Strike
1-2: Ground out U3 (Groundball, 3, EV 85.0 MPH)
Batting: RHB Calvin Chappell 0-0: Called Strike
0-1: Ball
1-1: Swinging Strike
1-2: Fly out, F3 (Popup, 3SF, EV 70.0 MPH)
Batting: RHB Jorge Martínez 0-0: Called Strike
0-1: Fly out, F4 (Popup, 3DF, EV 55.6 MPH)
Bottom of the 6th over - 0 runs, 0 hits, 0 errors, 0 left on base; New Orleans 0 - San Mateo 6
TOP OF THE 7TH
New Orleans Voodoo batting - Pitching for San Mateo Dirty Reds : RHP José Hernández
Batting: SHB Kolby Hay 0-0: Ball
1-0: Ball
2-0: Fly out, F2 (Popup, 15S, EV 89.4 MPH)
Batting: RHB Pedro Ramos 0-0: Called Strike
0-1: Foul Ball, location: 2F
0-2: Ball
1-2: Strikes out swinging
Batting: RHB Pancho Hernández 0-0: Ball
1-0: Fly out, F9 (Flyball, 9, EV 88.1 MPH)
Top of the 7th over - 0 runs, 0 hits, 0 errors, 0 left on base; New Orleans 0 - San Mateo 6
BOTTOM OF THE 7TH
San Mateo Dirty Reds batting - Pitching for New Orleans Voodoo : RHP Anthony Coleman
Pitching: RHP Colton Moonfall
Batting: LHB Quitério Ruah 0-0: Called Strike
0-1: Ball
1-1: Ball
2-1: Ball
3-1: Foul Ball, location: 2F
3-2: Base on Balls
Batting: RHB José Avilés 0-0: Ball
1-0: Ball
2-0: Fly out, F8 (Flyball, 8LS, EV 88.8 MPH)
Batting: RHB Emílio Soto 0-0: Ball
1-0: Ball
2-0: Fly out, F9 (Flyball, 9, EV 81.2 MPH)
Batting: LHB Jae-seop Byeon 0-0: Ball
1-0: Ball
2-0: Foul Ball, location: 2F
2-1: Fly out, F8 (Line Drive, 8LM, EV 89.4 MPH)
Bottom of the 7th over - 0 runs, 0 hits, 0 errors, 1 left on base; New Orleans 0 - San Mateo 6
TOP OF THE 8TH
New Orleans Voodoo batting - Pitching for San Mateo Dirty Reds : RHP José Hernández
Batting: RHB Anthony Roosemont 0-0: Ball
1-0: SINGLE (Line Drive, 4M, EV 103.1 MPH)
Batting: LHB Gökhan Özdemir 0-0: Called Strike
0-1: Foul Ball, location: 2F
0-2: Grounds into double play, 4-6-3 (Groundball, 4MS, EV 86.9 MPH)
Batting: LHB Brad Stannard 0-0: Foul Ball, location: 2F
0-1: Ball
1-1: Ball
2-1: Ground out 4-3 (Groundball, 34, EV 81.9 MPH)
Top of the 8th over - 0 runs, 1 hit, 0 errors, 0 left on base; New Orleans 0 - San Mateo 6
BOTTOM OF THE 8TH
San Mateo Dirty Reds batting - Pitching for New Orleans Voodoo : RHP Colton Moonfall
Batting: LHB Niek Breugelmans 0-0: Called Strike
0-1: Fly out, F8 (Flyball, 8RD, EV 96.2 MPH)
Batting: LHB Matsusuke Saikawa 0-0: Ball
1-0: Foul Ball, location: 2F
1-1: Ball
2-1: Ball
3-1: Foul Ball, location: 2F
3-2: DOUBLE (Line Drive, 7LS, EV 111.2 MPH)
Batting: LHB Sasha Mamchenko 0-0: Foul Ball, location: 2F
0-1: Ball
1-1: Ball
2-1: Swinging Strike
2-2: Ground out 4-3 (Groundball, 34, EV 86.9 MPH)
Matsusuke Saikawa to third
Batting: RHB Calvin Chappell 0-0: Foul Ball, location: 2F
0-1: Ball
1-1: Ball
2-1: Swinging Strike
2-2: Ball
3-2: Ground out 5-3 (Groundball, 56, EV 83.8 MPH)
Bottom of the 8th over - 0 runs, 1 hit, 0 errors, 1 left on base; New Orleans 0 - San Mateo 6
TOP OF THE 9TH
New Orleans Voodoo batting - Pitching for San Mateo Dirty Reds : RHP José Hernández
Batting: RHB Obke Veenman 0-0: Fly out, F5 (Popup, 56S, EV 79.4 MPH)
Pitching: RHP Grant Gremel
Batting: LHB Michizane Yamashita 0-0: Ball
1-0: Ball
2-0: Ball
3-0: Base on Balls
Batting: RHB Al Custello 0-0: Ball
1-0: Fly out, F4 (Line Drive, 4, EV 70.6 MPH)
Batting: SHB Kolby Hay 0-0: Called Strike
0-1: Fly out, F8 (Flyball, 8LD, EV 101.2 MPH)
Top of the 9th over - 0 runs, 0 hits, 0 errors, 1 left on base; New Orleans 0 - San Mateo 6
Friday, March 31st , 2023 - OOTP Baseball 23.10 Build 110